 Dungeon Crawl Stone Soup version 0.23.1-42-g8abd8fc (webtiles) character file.

Game seed: 8395157201382319322

281 Borgoz the Covered (level 6, -7/38 HPs)
             Began as a Gargoyle Fighter on Mar 30, 2019.
             Mangled by an ogre
             ... wielding a +0 giant club
              (22 damage)
             ... on level 4 of the Dungeon.
             The game lasted 00:03:52 (2681 turns).

Borgoz the Covered (Gargoyle Fighter)               Turns: 2681, Time: 00:03:53

Health: -7/38      AC: 11    Str: 19    XL:     6   Next: 27%
Magic:  8/8        EV:  8    Int:  9    God:
Gold:   128        SH:  9    Dex: 11    Spells: 7/7 levels left

rFire    . . .     SeeInvis .   a - +1 rapier
rCold    . . .     Gourm    .   c - +0 shield
rNeg     + . .     Faith    .   b - +0 scale mail
rPois    ∞         Spirit   .   (no helmet)
rElec    +         Reflect  .   (no cloak)
rCorr    .         Harm     .   (no gloves)
MR       .....                  (no boots)
Stlth    ..........             (no amulet)
HPRegen  0.12/turn              (no ring)
MPRegen  0.11/turn              (no ring)

@: no status effects
A: negative energy resistance 1, electricity resistance, unbreathing,
petrification resistance, rot immunity, AC +4
a: no special abilities


You were on level 4 of the Dungeon.
You were not hungry.

You visited 1 branch of the dungeon, and saw 4 of its levels.

You collected 128 gold pieces.

Inventory:

Hand Weapons
 a - a +1 rapier (weapon)
Armour
 b - a +0 scale mail (worn)
 c - a +0 shield (worn)
Scrolls
 e - a scroll of amnesia
 g - 2 scrolls of enchant armour {unknown}
 h - a scroll of teleportation
 i - a scroll of fear {unknown}
 j - 2 scrolls of blinking {unknown}
 m - 3 scrolls of remove curse {unknown}
 n - a scroll of magic mapping
Comestibles
 d - 9 chunks of flesh
 f - 7 rations


   Skills:
 + Level 3.8 Fighting
 * Level 3.0 Short Blades
 + Level 1.5 Throwing
 + Level 3.8 Armour
 * Level 2.0 Dodging
 + Level 2.1 Stealth
 + Level 3.8 Shields
 + Level 1.4 Spellcasting


You had 7 spell levels left.
You didn't know any spells.
Your spell library was empty.

Dungeon Overview and Level Annotations

Branches:
Dungeon (4/15)
 Temple: D:4-7

Altars:
Cheibriados
Nemelex Xobeh
Xom

Annotations:
D:4 Dowan, Duvessa


Innate Abilities, Weirdness & Mutations

You are resistant to torment.
Your stone body is resilient. (AC +4)
You are immune to poison.
You resist negative energy. (rN+)
You are resistant to electric shocks. (rElec)
You can survive without breathing.
You are immune to petrification.
You are immune to rotting.


Message History

There isn't anything to butcher here.
You see here an adder corpse.
You butcher the adder corpse.
d - 9 chunks of flesh (gained 2)
You see here an adder skeleton.
There isn't anything to butcher here.
An ogre comes into view. It is wielding a +0 giant club.
The ogre shouts!
The ogre closely misses you.
You barely miss the ogre.
You hear the slow hiss of an avalanche of sand.
The ogre hits you with a +0 giant club!
You are too injured to fight recklessly!
You are too injured to fight recklessly!
You are too injured to fight recklessly!
You puncture the ogre!
The ogre is moderately wounded.
The ogre hits you with a +0 giant club!!
Ouch! That really hurt!
You die...

......##.. ...#.. #....
.... ..... #.... ...
..... #... .. .....
..## .##.... .
###8####.8'# ...
#........#.#(...?
.##@......÷÷.......
......O........###.....
...............# ...
....!..........+ . .
......###+#....####.. .
....#. #..............
....#..##.#.#....###...
... #..................
.##.........#....


You could see an ogre.

Vanquished Creatures
  An ogre (D:4)
  An orc priest (D:3)
  An orc wizard (D:3)
  6 adders
  An ooze (D:3)
  A worm (D:2)
  3 dart slugs (D:2)
  3 leopard geckos
  3 orcs (D:3)
  A ball python (D:3)
  9 bats
  6 giant cockroaches
  7 goblins
  4 hobgoblins
  6 jackals
  6 kobolds
  3 quokkas
  4 frilled lizards (D:2)
  4 rats
70 creatures vanquished.

Notes
Turn   | Place    | Note
-------+----------+-------------------------------------------
     0 | D:1      | Borgoz the Gargoyle Fighter began the quest for the Orb.
     0 | D:1      | Reached XP level 1. HP: 14/14 MP: 1/1
   388 | D:1      | Reached XP level 2. HP: 18/19 MP: 2/2
   920 | D:2      | Reached XP level 3. HP: 23/23 MP: 3/3
  1010 | D:2      | Found a sparkling altar of Nemelex Xobeh.
  1036 | D:2      | Reached skill level 1 in Stealth
  1086 | D:2      | Reached skill level 1 in Dodging
  1106 | D:2      | Found a snail-covered altar of Cheibriados.
  1320 | D:2      | Reached XP level 4. HP: 25/28 MP: 5/5
  1713 | D:3      | Reached skill level 1 in Throwing
  1713 | D:3      | Reached skill level 1 in Spellcasting
  1736 | D:3      | Reached XP level 5. HP: 4/32 MP: 6/6
  2306 | D:3      | Found a shimmering altar of Xom.
  2536 | D:4      | Noticed Duvessa
  2536 | D:4      | Noticed Dowan
  2590 | D:4      | Noticed an ogre
  2601 | D:4      | Killed an ogre
  2601 | D:4      | Reached XP level 6. HP: 25/38 MP: 6/8
  2681 | D:4      | Mangled by an ogre

Skill      XL: |  1  2  3  4  5  6 |
---------------+-------------------+-----
Short Blades   | 2 3 |  3.0
Stealth        | 1 2 |  2.1
Dodging        | 1 2 |  2.0
Throwing       | 1 |  1.5
Spellcasting   | 1 |  1.4
Fighting       | |  3.8
Armour         | |  3.8
Shields        | |  3.8

Action                   |  1- 3 |  4- 6 || total
-------------------------+-------+-------++-------
Melee: Rapier            |   122 |   169 ||   291
  Use: Potion            |       |     2 ||     2
       Scroll            |       |     5 ||     5
  Eat: Chunk             |     1 |     5 ||     6
Armor: Scale mail        |    68 |   105 ||   173
Dodge: Dodged            |    28 |    42 ||    70
Block: Shield            |    71 |    91 ||   162
